 Dungeon Crawl Stone Soup version 0.32-a0-471-gb91d5d9764 (webtiles) character file.

Game seed: 5609550962352814967

11501 Alarak the Peltast (level 12, -1/98 HPs)
             Began as a Formicid Fighter on Feb 25, 2024.
             Was an Elder of Cheibriados.
             Slain by a boulder beetle (44 damage)
             ... on level 11 of the Dungeon.
             The game lasted 00:33:25 (9825 turns).

Alarak the Peltast (Formicid Fighter)               Turns: 9825, Time: 00:33:26

Health: -1/98      AC: 15    Str: 42    XL:     12   Next: 8%
Magic:  18/18      EV:  9    Int: 16    God:    Cheibriados [****..]
Gold:   622        SH: 16    Dex: 28    Spells: 11/11 levels left

rFire   . . .        D - +5 great sword (freeze)
rCold   . . .        F - +0 kite shield
rNeg    . . .        f - +0 chain mail
rPois   .            (helmet unavailable)
rElec   .            (no cloak)
rCorr   .            x - +0 pair of gloves
SInv    +            s - +1 pair of boots
Will    +....        H - amulet of the acrobat Stlth
                     b - +6 ring of strength
HPRegen 0.36/turn    m - +6 ring of dexterity
MPRegen 0.16/turn

%: acrobat
@: very slow
A: permanent stasis, dig shafts and tunnels, antennae 3, four strong arms
a: Dig, Shaft Self, Renounce Religion, Bend Time, Temporal Distortion, Slouch


You were on level 11 of the Dungeon.
You worshipped Cheibriados.
Cheibriados was greatly pleased with you.
You visited 1 branch of the dungeon, and saw 11 of its levels.

You collected 622 gold pieces.

Inventory:

Hand Weapons
 C - a +5 hand axe
 D - a +5 great sword of freezing (weapon)
 I - a +5 giant club
 J - a +0 war axe of freezing
 M - a +0 orcbow
Missiles
 i - 2 throwing nets
 v - 15 boomerangs
 y - 16 poisoned darts
 K - a curare-tipped dart
Armour
 c - a +1 buckler
 f - a +0 chain mail (worn)
 s - a +1 pair of boots (worn)
 x - a +0 pair of gloves (worn)
 F - a +0 kite shield (worn)
Magical Staves
 q - a staff of earth
Jewellery
 b - a +6 ring of strength (left hand)
 m - a +6 ring of dexterity (right hand)
 H - an amulet of the acrobat (around neck)
Wands
 d - a wand of roots (3)
 u - a wand of flame (16)
 w - a wand of mindburst (6)
Scrolls
 j - 4 scrolls of enchant weapon
 l - 5 scrolls of enchant armour
 r - a scroll of immolation
 t - a scroll of identify
Potions
 e - a potion of magic
 g - 4 potions of curing
 h - 2 potions of cancellation
 k - 2 potions of attraction
 n - 4 potions of mutation
 o - 3 potions of brilliance
 p - 3 potions of degeneration
 z - a potion of berserk rage {unknown}
 A - a potion of enlightenment {unknown}
 B - 2 potions of resistance {unknown}
 E - 2 potions of lignification {unknown}
 G - a potion of haste {unknown}
 L - a potion of ambrosia {unknown}


   Skills:
 - Level 10.3 Fighting
 - Level 5.0 Axes
 - Level 9.0 Armour
 - Level 15.1 Shields
 + Level 8.6 Invocations


You had 11 spell levels left.
You didn't know any spells.
Your spell library contained the following spells:

 Spells                   Type           Power      Damage    Failure   Level
 Apportation              Tloc           0%         N/A       61%         1
 Jinxbite                 Hex            0%         N/A       75%         2
 Frozen Ramparts          Ice            0%         1d1       93%         3
 Summon Ice Beast         Ice/Summ       0%         N/A       93%         3
 Leda's Liquefaction      Alch/Erth      0%         N/A       100%        4
 Petrify                  Alch/Erth      0%         N/A       100%        4
 Alistair's Intoxication  Alch           0%         N/A       100%        5
 Metabolic Englaciation   Hex/Ice        0%         N/A       100%        5
 Summon Mana Viper        Hex/Summ       0%         N/A       100%        5
 Monstrous Menagerie      Summ           0%         N/A       100%        7


Dungeon Overview and Level Annotations

Branches:
Dungeon (11/15)            Temple (0/1) D:4            Lair (0/5) D:10
    Orc (0/2) D:10

Altars:
Cheibriados
Hepliaklqana
Nemelex Xobeh
Okawaru
Ru
Vehumet
Jiyva

Shops:
D:6 [

Annotations:
D:9 3 runed translucent doors, HyperOdds's ghost, novice AtHu


Innate Abilities, Weirdness & Mutations

You cannot be hasted, slowed, berserked, paralysed or teleported.
You can dig through walls and to a lower floor.
You have a pair of large antennae on your head. (SInv)
Your four strong arms can wield two-handed weapons with a shield.


Message History

You slash the cyclops! You freeze the cyclops.
The cyclops is heavily wounded.
You block the cyclops's attack.
You slice the cyclops!! You freeze the cyclops!
You kill the cyclops!
The boulder beetle leaps!
Your Shields skill increases to level 15!
A boulder beetle is nearby!
You slash the boulder beetle! You freeze the boulder beetle.
The boulder beetle is moderately wounded.
The boulder beetle waves its antennae.
The boulder beetle bites you but does no damage.
The boulder beetle leaps!
The boulder beetle leaps!
The boulder beetle waves its antennae.
The boulder beetle curls into a ball and begins rolling!
The boulder beetle hits you.
The boulder beetle stops rolling and uncurls.
You slash the boulder beetle! You freeze the boulder beetle.
The boulder beetle is moderately wounded.
The boulder beetle bites you.
You slash the boulder beetle! You freeze the boulder beetle.
The boulder beetle is heavily wounded.
The boulder beetle bites you but does no damage. x2
You barely miss the boulder beetle.
The boulder beetle is heavily wounded.
You block the boulder beetle's attack. The boulder beetle bites you!
You slash the boulder beetle! You freeze the boulder beetle!
The boulder beetle is almost dead.
The boulder beetle leaps!
You start resting.
A boulder beetle is nearby!
A boulder beetle is nearby!
A boulder beetle is nearby!
The boulder beetle curls into a ball and begins rolling!
You hit the boulder beetle but do no damage.
The boulder beetle is severely wounded.
The boulder beetle hits you!!!
You die...
Cheibriados appreciates the motionlessness of death.

.......°...
#.......
#........
#..####
#..B....
#...###
#..C...#
#...... #(#
#...... #°#
#...... #°#
#...... #B#
###......
#@#
#....####
#.# #....#
#.#
#....####
#.#
###......
#.# #.#####
#.# #.# #.#
#.# #.# #.#
#.# #.#


You could see a boulder beetle (rolling).

Vanquished Creatures
  Erolcha (D:9)
  3 two-headed ogres
  A cyclops (D:11)
  2 ugly things
  An oklob plant (D:10)
  An unseen horror (D:11)
  3 trolls
  Grinder (D:5)
  A shadow (D:9)
  Sigmund (D:6)
  Grum (D:9)
  16 yaks (D:10)
  Eustachio (D:6)
  2 water moccasins
  Duvessa (D:6)
  3 sky beasts
  2 orc warriors (D:10)
  3 black bears
  An ogre (D:7)
  4 centaurs
  4 wolves (D:9)
  2 kobold brigands
  6 bullfrogs
  2 gnoll sergeants
  A scorpion (D:6)
  10 wights
  Dowan (D:6)
  A jelly (D:7)
  An orc priest (D:4)
  7 iguanas
  5 orc wizards
  8 gnolls
  5 adders
  A shadow imp (D:5)
  A white imp (D:5)
  3 ribbon worms
  2 dart slugs
  26 orcs
  5 ball pythons
  7 bats
  2 endoplasms
  2 giant cockroaches
  4 hobgoblins
  2 jackals (D:3)
  3 quokkas
  3 frilled lizards
  13 goblins
  15 kobolds
  2 rats
193 creatures vanquished.

Notes
Turn   | Place    | Note
-------+----------+-------------------------------------------
     0 | D:1      | Alarak the Formicid Fighter began the quest for the Orb.
     0 | D:1      | Reached XP level 1. HP: 18/18 MP: 1/1
    93 | D:1      | Reached XP level 2. HP: 24/24 MP: 2/2
   261 | D:1      | Reached XP level 3. HP: 29/29 MP: 3/3
   780 | D:2      | Found an iron altar of Okawaru.
  1126 | D:2      | Reached XP level 4. HP: 33/35 MP: 4/4
  1450 | D:3      | Found a snail-covered altar of Cheibriados.
  1505 | D:3      | Became a worshipper of Cheibriados the Contemplative
  2132 | D:4      | Reached XP level 5. HP: 32/41 MP: 5/5
  2173 | D:4      | Noticed a black bear
  2188 | D:4      | Killed a black bear
  2189 | D:4      | Reached skill level 5 in Axes
  2313 | D:4      | Reached XP level 6. HP: 43/49 MP: 6/6
  2427 | D:4      | Reached skill level 5 in Fighting
  2499 | D:4      | Found a staircase to the Ecumenical Temple.
  2527 | D:4      | Found a sparkling altar of Nemelex Xobeh.
  2972 | D:5      | Entered Level 5 of the Dungeon
  3068 | D:5      | Noticed a black bear
  3075 | D:5      | Killed a black bear
  3076 | D:5      | Reached XP level 7. HP: 52/59 MP: 7/7
  3116 | D:5      | Noticed Grinder
  3125 | D:5      | HP: 1/59 [Grinder/nerve-wracking pain (14)]
  3335 | D:5      | Found a sacrificial altar of Ru.
  3343 | D:5      | Killed Grinder
  3343 | D:5      | Reached * piety under Cheibriados
  3517 | D:5      | Reached XP level 8. HP: 68/68 MP: 8/8
  3618 | D:5      | Reached skill level 5 in Shields
  3890 | D:6      | Found Oddin's Armour Emporium.
  3892 | D:6      | Noticed Sigmund
  3912 | D:5      | Reached skill level 6 in Shields
  4008 | D:6      | Killed Sigmund
  4009 | D:6      | Reached skill level 7 in Shields
  4178 | D:6      | Noticed Duvessa
  4178 | D:6      | Noticed Dowan
  4179 | D:6      | Noticed Eustachio
  4183 | D:6      | Killed Duvessa
  4184 | D:6      | Reached skill level 8 in Shields
  4194 | D:6      | Killed Dowan
  4568 | D:6      | Killed Eustachio
  4569 | D:6      | Reached skill level 9 in Shields
  4569 | D:6      | Reached XP level 9. HP: 37/74 MP: 9/9
  4821 | D:7      | Reached skill level 10 in Shields
  4821 | D:7      | Reached skill level 1 in Invocations
  5152 | D:7      | Reached ** piety under Cheibriados
  5167 | D:7      | Reached skill level 5 in Invocations
  6059 | D:8      | Reached XP level 10. HP: 37/79 MP: 16/16
  6371 | D:8      | Reached *** piety under Cheibriados
  6666 | D:9      | Noticed a white ugly thing
  6676 | D:9      | Killed a white ugly thing
  6677 | D:9      | Reached skill level 10 in Fighting
  7003 | D:9      | Noticed Erolcha
  7011 | D:9      | Killed Erolcha
  7012 | D:9      | Reached skill level 5 in Armour
  7044 | D:9      | Found an iron altar of Okawaru.
  7193 | D:9      | Identified the +1 robe of Quaroi Meps {Regen+ Dex+2}
  7264 | D:9      | Noticed Grum
  7271 | D:9      | Killed Grum
  7478 | D:9      | Noticed a two-headed ogre
  7487 | D:9      | Killed a two-headed ogre
  7488 | D:9      | Reached XP level 11. HP: 53/92 MP: 14/17
  7613 | D:9      | Identified the serpent talisman of Courage {Fly Int-2 Dex+7
                  | Slay-2}
  7716 | D:9      | Found a radiant altar of Vehumet.
  7772 | D:9      | Found a runed translucent gate.
  7772 | D:9      | Found a runed translucent gate.
  7772 | D:9      | Found a runed translucent gate.
  7773 | D:9      | Noticed HyperOdds's ghost (novice AtHu)
  7774 | D:9      | Found a viscous altar of Jiyva.
  8145 | D:10     | Entered Level 10 of the Dungeon
  8296 | D:10     | Reached **** piety under Cheibriados
  8359 | D:10     | Reached skill level 11 in Shields
  8480 | D:10     | Found a staircase to the Lair.
  8484 | D:10     | Noticed an oklob plant
  8507 | D:10     | Reached skill level 12 in Shields
  8584 | D:10     | Noticed a two-headed ogre
  8597 | D:10     | Killed a two-headed ogre
  8616 | D:10     | Reached skill level 13 in Shields
  8620 | D:10     | HP: 1/92 [yak (9)]
  8972 | D:10     | Found a staircase to the Orcish Mines.
  9120 | D:10     | Found a hazy altar of Hepliaklqana.
  9237 | D:10     | Killed an oklob plant
  9395 | D:11     | Noticed a red ugly thing
  9402 | D:11     | Killed a red ugly thing
  9403 | D:11     | Reached skill level 14 in Shields
  9486 | D:11     | Noticed a two-headed ogre
  9499 | D:11     | Killed a two-headed ogre
  9500 | D:11     | Reached XP level 12. HP: 12/98 MP: 13/18
  9792 | D:11     | Noticed a boulder beetle
  9803 | D:11     | Reached skill level 15 in Shields
  9825 | D:11     | Slain by a boulder beetle

Illustrated notes

Levels and vault maps discovered:
D:1:      shiori_arrival_oz, layout_loops_ring
D:2:      minmay_chambers_of_ones, layout_rooms, basic_altar, minmay_domino_2
D:3:      layout_basic, mainiacjoe_overflow_six_doors_small,
          minmay_misc_feat_iff, nicolae_concentric_dashed_squares_mild
D:4:      layout_cave_pools, kennysheep_little_box, minmay_temple_entry_slanted,
          roderic_serpentine_path
D:5:      layout_cave_pools, hangedman_ru_absence, minivault_26,
          nrook_mini_backslash, uniq_grinder
D:6:      layout_loops_cross, serial_shops, shop, nicolae_titane, uniq_sigmund,
          uniq_eustachio, uniq_duvessa
D:7:      layout_gridville, grunt_decor_arrowhead, minmay_gold_behind_fungi,
          solitary_fountain
D:8:      layout_basic, enter_bailey_5
D:9:      layout_basic, kennysheep_mini, lemuel_coloured_pillars_altar,
          gammafunk_ghost_ooze, minmay_misc_feat_five, uniq_erolcha, uniq_grum
D:10:     layout_cave_pools, nzn_hepliaklqana_mist_gate, dpeg_oklobed_lair,
          orc_0_dummy
D:11:     layout_basic

Skill      XL: |  1  2  3  4  5  6  7  8  9 10 11 12 |
---------------+-------------------------------------+-----
Axes           | 3 4 5 |  5.0
Fighting       | 4 6 8 10 | 10.3
Shields        | 9 10 14 15 | 15.1
Invocations    | 8 |  8.6
Armour         | 8 9 |  9.0

Action                     |  1- 3 |  4- 6 |  7- 9 | 10-12 || total
---------------------------+-------+-------+-------+-------++-------
  Melee: War axe           |    79 |    83 |    53 |       ||   215
         Halberd           |       |       |   101 |       ||   101
         Hand axe          |       |       |    59 |    74 ||   133
         Great sword       |       |       |       |   168 ||   168
   Fire: Orcbow            |       |       |       |    16 ||    16
  Throw: Dart              |       |       |       |     1 ||     1
 Invoke: Bend Time         |       |       |     3 |     6 ||     9
Ability: Dig               |    10 |       |       |    10 ||    20
    Use: Scroll            |       |     4 |     7 |     6 ||    17
         Potion            |       |       |     1 |     1 ||     2
 Armour: Scale mail        |    11 |       |       |       ||    11
         Chain mail        |    36 |    63 |   149 |   167 ||   415
  Dodge: Dodged            |    29 |    35 |    87 |    80 ||   231
  Block: Buckler           |    16 |    29 |    96 |    63 ||   204
         Kite shield       |       |       |       |   111 ||   111

Table legend: (Time is in decaauts)
 A = Elapsed time spent in this place.
 B = Non-inter-level travel time spent in this place.
 C = Inter-level travel time spent in this place.
 D = Time resting spent in this place.
 E = Time spent auto-exploring this place.
 F = Levels seen in this place.
 G = Mean time per level.
                   A        B        C        D        E       F      G
               +--------+--------+--------+--------+--------+-----+--------+
         Total |  12290 |  11243 |   1047 |   1983 |   7392 |  11 | 1117.3 |
       Dungeon |  12290 |  11243 |   1047 |   1983 |   7392 |  11 | 1117.3 |
               +--------+--------+--------+--------+--------+-----+--------+

Top non-repeatable levels by time:
     D:9: 1896 daAuts
    D:10: 1574 daAuts
     D:7: 1494 daAuts
     D:4: 1260 daAuts
     D:8: 1214 daAuts
     D:6: 1128 daAuts
     D:3: 1064 daAuts
     D:5: 838 daAuts
     D:1: 724 daAuts
    D:11: 562 daAuts
     D:2: 532 daAuts
